 Dungeon Crawl Stone Soup version bcrawl-1.21.2-20-g6d45ba5942 (webtiles) character file.

Game seed: 10507207399978566592

2758 MisterOstroum the Basher (level 9, -5/97 HPs)
             Began as an Ogre Archaeologist on Feb 25, 2020.
             Was a Priest of Ashenzari.
             Slain by a black bear (10 damage)
             ... on level 7 of the Dungeon.
             The game lasted 00:11:17 (8239 turns).

MisterOstroum the Basher (Ogre Archaeologist)       Turns: 8239, Time: 00:11:18

Health: -5/97      AC:  5    Str: 17    XL:     9   Next: 69%
Magic:  11/11      EV: 13    Int: 15    God:    Ashenzari [***...]
Gold:   230        SH:  0    Dex: 13    Spells: 8/8 levels left

rFire    . . .     SeeInvis +   f - +6 giant spiked club "Qocor" {freeze, *Slow +Inv rElec MR+} (curse)
rCold    + . .     Gourm    .   (shield currently unavailable)
rNeg     . . .     Faith    .   s - +1 robe (curse)
rPois    .         Spirit   .   c - +1 hat (curse)
rElec    +         Reflect  .   (no cloak)
rCorr    .         Harm     .   (gloves unavailable)
MR       +....                  (boots unavailable)
Stlth    +++.......             K - amulet of magic regeneration (curse)
HPRegen  0.26/turn              m - +3 ring of dexterity (curse)
MPRegen  0.37/turn              D - ring of protection from cold (curse)

@: very slightly contaminated, invisible
A: large, unfitting armour, tough skin 1
a: Curse Item, Scrying, Renounce Religion


You were on level 7 of the Dungeon.
You worshipped Ashenzari.
Ashenzari was most pleased with you.
You were not hungry.

You visited 2 branches of the dungeon, and saw 8 of its levels.

You collected 524 gold pieces.
You spent 294 gold pieces at shops.

Inventory:

Hand Weapons
 a - a +0 whip
 b - a +0 hand crossbow
 f - the cursed +6 giant spiked club "Qocor" (weapon) {freeze, *Slow +Inv rElec MR+}
   (You acquired it on level 3 of the Dungeon)

   It has been specially enchanted to freeze those struck by it, causing extra
   injury to most foes and up to half again as much damage against particularly
   susceptible opponents.
   It can also slow down cold-blooded creatures.
   It insulates you from electricity.
   It affects your resistance to hostile enchantments.
   It lets you turn invisible.
   It may slow you when you take damage.
   It has a curse placed upon it.
 z - a +0 blowgun
Missiles
 j - 1484 stones (quivered)
 q - 1316 sling bullets
 r - 107 bolts
 v - 340 arrows
 x - 121 javelins
 y - 279 tomahawks
 A - 46 poisoned needles
 O - 85 exploding tomahawks
Armour
 c - a cursed +1 hat (worn)
 s - a cursed +1 robe (worn)
Jewellery
 m - a cursed +3 ring of dexterity (left hand)
 o - a cursed ring of teleportation
 p - an uncursed ring of magical power
 D - a cursed ring of protection from cold (right hand)
 F - an uncursed ring of flight
 K - a cursed amulet of magic regeneration (around neck)
Wands
 I - a wand of iceblast (5)
Scrolls
 g - 2 scrolls of magic mapping {@r5 !r}
 l - 6 scrolls of teleportation {@r3 !r}
 t - a scroll of remove curse {unknown}
 w - a scroll of fog {unknown}
 B - 2 scrolls of fear
 C - a scroll of blinking {unknown}
 G - 2 scrolls of immolation {unknown}
 H - 4 scrolls of identify {@r1}
 J - a scroll of amnesia {unknown}
 M - a scroll of noise {unknown}
 P - a scroll of enchant weapon {unknown}
Potions
 d - 2 potions of lignification
 h - 3 potions of haste
 i - 4 potions of brilliance
 k - 2 potions of heal wounds {unknown}
 n - 4 potions of curing {@q1 !q}
 u - a potion of degeneration {unknown}
 E - 2 potions of invisibility
 L - 2 potions of resistance {unknown}
Comestibles
 e - 13 rations {!d}
 N - 4 chunks of flesh


   Skills:
 * Level 8.5 Fighting
 * Level 9.0(12.6) Maces & Flails
 + Level 5.0(6.9) Dodging
 + Level 4.8(6.7) Stealth
 * Level 3.8(6.5) Evocations


You had 8 spell levels left.
You didn't know any spells.
Your spell library was empty.

Dungeon Overview and Level Annotations

Branches:
Dungeon (7/12)             Temple (1/1) D:4
   Lair: D:7-9

Altars:
Ashenzari
Fedhas
Gozag
Ru

Shops:
D:6 ?

Annotations:
D:4 Edmund


Innate Abilities, Weirdness & Mutations

You are too large for most types of armour.
You have tough skin. (AC +1)


Message History

The orc wizard casts a spell at you. You resist. The puff of frost hits you.
The sky beast hits you. The sky beast shocks you. You resist.
The bullfrog hits you. The sky beast barely misses you.
You closely miss the sky beast.
The sky beast is heavily wounded.
The bullfrog croaks.
You puncture the orc wizard! You freeze the orc wizard. You miss the bullfrog.
The bullfrog closely misses you.
The orc wizard hits you but does no damage.
A worker ant comes into view.
The bullfrog hits you.
The sky beast hits you but does no damage.
The orc wizard casts a spell at you. The magic dart hits you.
A black bear comes into view.
You are too injured to fight recklessly!
You are too injured to fight recklessly!
You are too injured to fight recklessly!
You are too injured to fight recklessly!
You are too injured to fight recklessly!
You are too injured to fight recklessly!
You are too injured to fight recklessly!
You are too injured to fight recklessly!
There are monsters nearby!
There are monsters nearby!
You fade into invisibility!
You are very lightly contaminated with residual magic.
You feel quite a bit more hungry. The bullfrog hits you!
The orc wizard hits you but does no damage.
The sky beast hits you but does no damage.
The bullfrog misses you.
The orc wizard hits you but does no damage.
You see here a bullfrog corpse.
You barely miss the orc wizard.
The orc wizard is severely wounded.
The orc wizard barely misses you. The orc wizard closely misses you.
You strike the helpless orc wizard from behind!
You puncture the orc wizard! You freeze the orc wizard.
You kill the orc wizard!
You miss the bullfrog. The bullfrog barely misses you. The bullfrog misses you.
The bullfrog swells and bulges.
The bullfrog closely misses you.
You hit the bullfrog. You freeze the bullfrog.
The bullfrog is moderately wounded.
You impale the bullfrog!!
The bullfrog seems to slow down.
You freeze the bullfrog.
You kill the bullfrog!
The bullfrog gives a loud, deep croak!
The sky beast flickers out of sight for a moment.
The orc barely misses you. The bullfrog misses you.
You puncture the orc! You freeze the orc.
You kill the orc!
You impale the bullfrog!!
The bullfrog seems to slow down.
You freeze the bullfrog.
You kill the bullfrog!
Your base Dodging skill increases to level 5!
A scorpion comes into view.
The black bear bites you. The black bear claws you.
The black bear claws you but does no damage.
The rain has left you waist-deep in water!
Splash!
You fall into the shallow water.
Moving in this stuff is going to be slow. ...and don't expect to remain undetected.
Items here: )) [ †† a +0 club; a +0 dagger; a +0 robe; an orc corpse x2
You closely miss the troll. You barely miss the black bear.
You impale the sky beast!! You freeze the sky beast.
You kill the sky beast!
Your base Maces & Flails skill increases to level 9!
The black bear bites you but does no damage.
The black bear closely misses you. The black bear completely misses you.
The troll bites you.
The troll claws you but does no damage. x2
The black bear bites you! The black bear misses you.
The black bear barely misses you.
You sock the troll! You freeze the troll.
The troll is heavily wounded.
You hit the black bear. You freeze the black bear. You impale the orc priest!!
You freeze the orc priest.
You kill the orc priest!
The troll barely misses you. x3
The black bear bites you but does no damage.
The black bear claws you. The black bear barely misses you.
You see here a bullfrog corpse.
You strike the helpless troll from behind!
You puncture the troll! You freeze the troll.
The troll is severely wounded.
You strike the helpless black bear from behind!
You hit the black bear. You freeze the black bear.
The black bear closely misses you.
The black bear claws you but does no damage.
The black bear claws you.
* * * LOW HITPOINT WARNING * * *
The troll bites you!
* * * LOW HITPOINT WARNING * * *
The troll claws you!
* * * LOW HITPOINT WARNING * * *
The troll misses you. The black bear bites you!
You die...

..<### #.......[.#
.....########.>....)..#
..##........#.........####
...<...............##....#
......#########.##.##....#
........# *#.. #.......#
..##......#*#..###..#....#
..####..#.# .. ##..#######
..# ####....###@†##, ∆ ###
#..ohT## ,, * .......)# ,
, * ,......#s# ∆ *
.......>. ,,* ,.......#.
,, ....... .. , ....... ..
, $[..... ##., ,


You could see a troll, a black bear, a scorpion and an orc.

Vanquished Creatures
  A hippogriff (D:6)
  The ghost of Banto the Insei, an amateur OpTm (D:4)
  Menkaure (D:4)
  An orc warrior (D:4)
  A sky beast (D:7)
  An ice beast (D:6)
  4 ogres
  4 bullfrogs
  A big kobold (D:7)
  A wyvern zombie (D:6)
  A water moccasin skeleton (D:5)
  2 howler monkeys
  2 crimson imps
  A centaur zombie (D:4)
  3 bullfrog zombies
  3 jellies (D:6)
  5 hounds
  A bullfrog skeleton (D:7)
  5 orc wizards
  4 orc priests
  A centaur skeleton (D:4)
  2 iguanas (D:5)
  3 worker ants
  A worker ant zombie (D:4)
  A howler monkey zombie (D:4)
  4 gnolls (D:2)
  6 adders
  An ooze (D:2)
  An adder zombie (D:4)
  4 worms
  4 dart slugs
  4 leopard geckos
  31 orcs
  4 giant cockroaches
  3 goblins (D:3)
  3 hobgoblins
  8 jackals
  5 quokkas
  A ball python (D:1)
  4 bats
  3 frilled lizards
  A jackal skeleton (D:7)
  13 kobolds
  9 rats
  A bush (D:3)
161 creatures vanquished.

Notes
Turn   | Place    | Note
-------+----------+-------------------------------------------
     0 | D:1      | MisterOstroum the Ogre Archaeologist began the quest for
                  | the Orb.
     0 | D:1      | Reached XP level 1. HP: 19/19 MP: 1/1
   111 | D:1      | Reached skill level 2 in Maces & Flails
   111 | D:1      | Reached XP level 2. HP: 12/27 MP: 2/2
  1147 | D:2      | Reached XP level 3. HP: 22/33 MP: 3/3
  1957 | D:2      | Reached XP level 4. HP: 41/42 MP: 4/4
  1960 | D:2      | Reached skill level 3 in Maces & Flails
  2477 | D:2      | Found a faded altar of an unknown god.
  2584 | D:2      | Became a worshipper of Ashenzari the Shackled
  2584 | D:2      | Reached * piety under Ashenzari
  3236 | D:2      | Reached XP level 5. HP: 38/50 MP: 5/5
  3236 | D:2      | Identified a scroll of acquirement
  3258 | D:3      | Identified the cursed +6 giant spiked club "Qocor" {freeze,
                  | *Slow +Inv rElec MR+} (You acquired it on level 3 of the
                  | Dungeon)
  3258 | D:3      | Identified the cursed +5 hat "Eddanwud" {*Contam Int+3
                  | Dex+3} (You acquired it on level 3 of the Dungeon)
  3258 | D:3      | Identified the cursed ring "Bietsuw" {rF+ Int+6 Dex+2} (You
                  | acquired it on level 3 of the Dungeon)
  4083 | D:3      | Reached skill level 4 in Maces & Flails
  4494 | D:4      | Found a runed translucent gate.
  4494 | D:4      | Found a runed translucent gate.
  4494 | D:4      | Found a runed translucent gate.
  4495 | D:4      | Noticed Banto's ghost (amateur OpTm)
  4518 | D:4      | Noticed an ogre
  4524 | D:4      | Killed an ogre
  4524 | D:4      | Reached XP level 6. HP: 20/61 MP: 6/6
  4729 | D:4      | Reached ** piety under Ashenzari
  4733 | D:4      | Found a staircase to the Ecumenical Temple.
  4737 | D:4      | Noticed an orc warrior
  4749 | D:4      | Killed an orc warrior
  4749 | D:4      | Reached skill level 5 in Maces & Flails
  4760 | Temple   | Entered the Ecumenical Temple
  5054 | D:4      | Reached XP level 7. HP: 62/70 MP: 7/7
  5098 | D:4      | Found a sacrificial altar of Ru.
  5104 | D:4      | Reached skill level 6 in Maces & Flails
  5392 | D:4      | Reached skill level 5 in Fighting
  5479 | D:4      | Noticed Edmund
  5614 | D:4      | Noticed Menkaure
  5804 | D:4      | Killed Menkaure
  5804 | D:4      | Reached skill level 1 in Evocations
  5950 | D:4      | Killed Banto's ghost
  5950 | D:4      | Reached XP level 8. HP: 71/83 MP: 5/8
  5956 | D:4      | Reached skill level 7 in Maces & Flails
  6064 | D:5      | Entered Level 5 of the Dungeon
  6437 | D:5      | Reached *** piety under Ashenzari
  6892 | D:6      | Noticed a hippogriff
  7479 | D:6      | Reached XP level 9. HP: 62/93 MP: 10/10
  7603 | D:6      | Reached skill level 8 in Maces & Flails
  7813 | D:6      | Found Veqe's Magic Scroll Shop.
  7816 | D:6      | Bought a scroll of identify for 28 gold pieces
  7816 | D:6      | Bought a scroll of teleportation for 42 gold pieces
  7816 | D:6      | Bought a scroll of fear for 49 gold pieces
  7816 | D:6      | Bought 2 scrolls of identify for 56 gold pieces
  7816 | D:6      | Bought a scroll of identify for 28 gold pieces
  7816 | D:6      | Bought a scroll of magic mapping for 49 gold pieces
  7816 | D:6      | Bought a scroll of teleportation for 42 gold pieces
  8221 | D:7      | Noticed a troll
  8234 | D:7      | Reached skill level 5 in Dodging
  8236 | D:7      | Reached skill level 9 in Maces & Flails
  8239 | D:7      | Slain by a black bear

Skill      XL: |  1  2  3  4  5  6  7  8  9 |
---------------+----------------------------+-----
Maces & Flails | 2 3 4 5 6 7 9 |  9.0
Stealth        | 3 4 |  4.8
Fighting       | 2 3 4 5 7 8 |  8.5
Dodging        | 3 4 5 |  5.0
Evocations     | 1 2 3 |  3.8

Action                   |  1- 3 |  4- 6 |  7- 9 || total
-------------------------+-------+-------+-------++-------
Melee: Whip              |   155 |   126 |       ||   281
       Giant spiked club |       |    74 |   150 ||   224
 Fire: Hand crossbow     |     3 |    14 |       ||    17
Throw: Stone             |    24 |    29 |     1 ||    54
Invok: Curse Item        |       |     4 |     1 ||     5
 Abil: Evoke Invisibilit |       |       |     4 ||     4
  Use: Scroll            |       |     1 |     6 ||     7
 Stab: Sleeping          |     4 |     2 |    12 ||    18
       Invisible         |       |       |     7 ||     7
       Distracted        |       |       |     1 ||     1
  Eat: Chunk             |     3 |    10 |    12 ||    25
Armor: Robe              |    73 |    73 |    44 ||   190
Dodge: Dodged            |   101 |   120 |   138 ||   359
